Map: Costas tropicales

Players

MrFercho

  • Race: Zerg Zerg
  • League: Silver
  • Spawn Location: 0:00

tigro - Winner!

  • Race: Terran Terran
  • League: Bronze
  • Spawn Location: 5:00

VOD

Have the link to the VOD?

Description

Time

  • Played on: June 12, 2020, 11:56 p.m.
  • Length: 7:41
Show
View Real Time Build Order
Export as new Build Order

MrFercho Zerg 

Build Orders:  

Get SALT Encoding   

Show
View Real Time Build Order
Export as new Build Order

tigro Terran - Winner!

Build Orders:  

Get SALT Encoding   

  12  1:09  Supply Depot  
  12  2:21  Barracks  
  12  2:48  SCV  
  13  3:00  SCV  
  14  3:09  Barracks  
  14  3:11  Marine  
  15  3:13  SCV  
  16  3:25  SCV  
  17  3:37  SCV  
  18  4:21  Marine x2  
  20  4:39  Marine x2  
  22  4:56  Marine  
  23  5:10  Command Center  
  23  6:13  Supply Depot  
  23  6:15  Supply Depot  
  23  6:17  Supply Depot  
  23  6:22  Marine x2  
  23  6:24  Supply Depot  
  25  6:27  Supply Depot  
  25  6:39  Marine x2  
  27  6:57  Marine  
Tags
 
Add a new tag
Caveats
  • Supply blocks, unpowered buildings, or Contaminate may cause inaccurate times.
  • Supply counts are checked every 10 seconds.